AoeStats
← william.madeira

Highland

505104412Analyzed
2v2 RM · 23d ago on Sep 7, 2026· 60m 10s· 4 players
Game mode
Random Map
Map size
Medium (4 player)
Population
200
Speed
Normal
Resources
Standard
Victory
Conquest
Starting age
Dark Age
Ending age
Imperial Age
RankedLock teamsTeams togetherTeam positionsShared explorationLock speedFull tech treeHidden civsTurbo modeCheats
Victory
Defeat
🇮🇹 Britons · Italy
858
+16
🇮🇹 Franks · Italy
854
+16
🇧🇷 Huns · Brazil
899
-48
🇺🇸 Huns · United States
820
-15
Camionveloce__
11:32 Feudal Age
12:55 Loom
14:09 Double-Bit Axe
19:24 Castle Age
27:05 Pikeman
27:45 Squires
34:25 Imperial Age
32:14 Caravan
32:26 Scale Barding Armor
32:12 Fletching
32:34 Forging
34:15 Husbandry
34:55 Wheelbarrow
34:47 Ballistics
34:38 Fortified Wall
34:25 Murder Holes
34:42 Siphons
34:56 Clinker Construction
35:04 Bow Saw
37:05 Chemistry
36:17 Siphons
36:08 Murder Holes
36:23 Careening
36:25 Clinker Construction
36:49 Hand Cart
36:57 Cavalier
43:06 Paladin
59:15 Chain Barding Armor
59:32 Iron Casting
ArturoVeloce
11:16 Feudal Age
12:19 Double-Bit Axe
16:24 Castle Age
20:33 Gold Mining
20:46 Stone Mining
24:46 Horse Collar
30:26 Pikeman
31:07 Squires
32:22 Fletching
32:33 Padded Archer Armor
32:44 Forging
32:58 Bow Saw
33:22 Loom
34:12 Wheelbarrow
33:22 Town Watch
33:57 Caravan
35:14 Bodkin Arrow
35:34 Leather Archer Armor
35:55 Iron Casting
35:39 Hand Cart
36:45 Ballistics
37:02 Fortified Wall
36:50 Murder Holes
41:27 Imperial Age
38:57 Town Patrol
39:32 Heavy Plow
43:53 Halberdier
44:38 Elite Longbowman
45:39 Yeomen
51:32 Conscription
53:25 Fervor
53:28 Bracer
53:58 Ring Archer Armor
54:30 Blast Furnace
niccccceeeee
0:40 Loom
12:31 Feudal Age
18:03 Castle Age
17:38 Horse Collar
17:54 Double-Bit Axe
18:18 Light Cavalry
21:40 Bow Saw
26:09 Wheelbarrow
25:20 Town Watch
25:45 Heavy Plow
26:50 Town Patrol
27:51 Hand Cart
28:20 Husbandry
30:28 Thumb Ring
30:16 Fletching
30:27 Padded Archer Armor
32:40 Scale Barding Armor
32:53 Bodkin Arrow
33:45 Marauders
34:30 Bloodlines
34:33 Forging
34:41 Leather Archer Armor
35:06 Ballistics
34:58 Masonry
40:34 Imperial Age
38:28 Chain Barding Armor
38:47 Iron Casting
39:13 Gold Mining
42:31 Gold Shaft Mining
41:18 Heavy Cavalry Archer
42:23 Conscription
43:17 Chemistry
43:39 Plate Barding Armor
44:05 Blast Furnace
43:06 Bracer
43:56 Parthian Tactics
44:53 Two-Man Saw
45:17 Hussar
45:18 Cavalier
45:22 Capped Ram
46:11 Murder Holes
47:20 Pikeman
48:06 Squires
47:51 Arson
48:09 Scale Mail Armor
47:37 Elite Tarkan
47:58 Siege Ram
50:25 Paladin
51:17 Caravan
50:41 Halberdier
william.madeira
16:21 Feudal Age
23:36 Castle Age
21:29 Horse Collar
23:35 Scale Barding Armor
23:31 Scale Mail Armor
25:27 Chain Barding Armor
25:36 Heavy Plow
27:21 Chain Mail Armor
26:34 Elite Skirmisher
28:21 Forging
29:21 Stone Mining
29:22 Gold Mining
29:52 Padded Archer Armor
30:30 Iron Casting
31:34 Thumb Ring
30:52 Crossbowman
32:20 Leather Archer Armor
32:52 Arson
33:08 Squires
34:47 Fletching
35:13 Marauders
37:15 Bodkin Arrow
39:14 Gold Shaft Mining
40:53 Husbandry
41:05 Bloodlines
45:02 Wheelbarrow
51:08 Imperial Age
49:41 Hand Cart
49:13 Loom
50:46 Man-at-Arms
50:47 Pikeman
51:46 Town Watch
51:24 Heavy Cavalry Archer
52:34 Parthian Tactics
52:51 Conscription
51:56 Elite Tarkan
54:31 Guilds
54:53 Coinage
54:26 Caravan
56:33 Town Patrol
57:12 Plate Barding Armor
57:38 Blast Furnace
56:39 Bracer
Connection lost

Rejoining the realm…

Still unreachable

The connection could not be restored.

Session expired

The server has moved on; the page needs a fresh start.